 Dungeon Crawl Stone Soup version 0.24-a0-525-g9231cdc (webtiles) character file.

Game seed: 12166483681282499480

734 HarryHood the Cudgeler (level 7, -5/69 HPs)
             Began as a Gargoyle Berserker on Aug 3, 2019.
             Was a Priest of Trog.
             Slain by an orc warrior
             ... wielding a +0 battleaxe
              (15 damage)
             ... on level 5 of the Dungeon.
             The game lasted 00:16:29 (3399 turns).

HarryHood the Cudgeler (Gargoyle Berserker)         Turns: 3399, Time: 00:16:29

Health: -5/69      AC: 18    Str: 26    XL:     7   Next: 74%
Magic:  7/7        EV:  9    Int:  8    God:    Trog [***...]
Gold:   200        SH:  0    Dex: 10    Spells: 6/6 levels left

rFire    . . .     SeeInvis .   a - +0 mace
rCold    . . .     Gourm    .   (no shield)
rNeg     + . .     Faith    .   o - +2 chain mail {MR+}
rPois    ∞         Spirit   .   j - +1 helmet
rElec    +         Reflect  .   (no cloak)
rCorr    .         Harm     .   (no gloves)
MR       +....                  (no boots)
Stlth    ..........             (no amulet)
HPRegen  0.21/turn              s - ring of poison resistance
MPRegen  0.10/turn              (no ring)

@: berserking, very quick
A: negative energy resistance 1, electricity resistance, unbreathing,
petrification resistance, rot immunity, AC +4
a: Berserk, Trog's Hand, Renounce Religion


You were on level 5 of the Dungeon.
You worshipped Trog.
Trog was most pleased with you.
You were not hungry.

You visited 1 branch of the dungeon, and saw 7 of its levels.

You collected 200 gold pieces.

Inventory:

Hand Weapons
 a - a +0 mace (weapon)
 b - a +0 hunting sling
Missiles
 l - 6 boomerangs
 m - 55 sling bullets (quivered)
Armour
 j - a +1 helmet (worn)
 o - a +2 chain mail of magic resistance (worn)
Jewellery
 s - a ring of poison resistance (left hand)
Scrolls
 d - 2 scrolls of teleportation {@r0}
 i - 4 scrolls of remove curse {@r1}
 k - a scroll of blinking {@r7}
 p - 5 scrolls of fog
 r - 2 scrolls of identify
Potions
 c - 4 potions of haste
 f - a potion of mutation {unknown}
 g - a potion of curing {unknown}
 h - 2 potions of heal wounds {unknown}
 n - a potion of flight {unknown}
 q - a potion of magic {unknown}
Comestibles
 e - 7 rations {@e1}


   Skills:
 - Level 6.1 Fighting
 - Level 6.2 Maces & Flails
 * Level 4.7 Armour
 - Level 1.5 Dodging


You had 6 spell levels left.
You didn't know any spells.
Your spell library was empty.

Dungeon Overview and Level Annotations

Branches:
Dungeon (7/15)
 Temple: D:4-7

Altars:


Innate Abilities, Weirdness & Mutations

You are resistant to torment.
Your stone body is resilient. (AC +4)
You are immune to poison.
You resist negative energy. (rN+)
You are resistant to electric shocks. (rElec)
You can survive without breathing.
You are immune to petrification.
You are immune to rotting.


Message History

Your chain mail prevents you from hitting the ice beast.
The ice beast misses you.
The orc priest hits you but does no damage.
You closely miss the ice beast. The orc warrior closely misses you.
The orc hits you but does no damage.
The ice beast hits you but does no damage.
Your chain mail prevents you from hitting the ice beast.
The orc priest hits you but does no damage.
The orc hits you but does no damage.
You barely miss the ice beast. The orc warrior barely misses you.
The ice beast hits you but does no damage.
The orc priest mumbles some strange prayers to Beogh against you.
Pain shoots through your body!
You take 5 damage, and have 26/69 hp.
You hit the ice beast. The orc closely misses you. The ice beast hits you.
The ice beast freezes you!
* * * LOW HITPOINT WARNING * * *
The orc priest hits you but does no damage.
The orc warrior hits you with a +0 battleaxe!
You die...

## .. .##
..#### #
....
?#..#.##o#
.....OY@o#
.#..#S##o.#
# .o[...
..#..###
.#< ....
#.#. #...#
# .. <..#
## ...#


You could see an orc warrior, an ice beast, an ogre, an orc priest, an adder and
2 orcs.

Vanquished Creatures
  A sky beast (D:6)
  A big kobold (D:7)
  3 killer bees
  A crimson imp (D:7)
  A hound (D:4)
  An iguana (D:4)
  Terence (D:3)
  Natasha (thrice) (D:3)
  A worker ant (D:4)
  A hound skeleton (D:4)
  Robin (D:3)
  3 gnolls (D:4)
  7 adders
  An ooze (D:1)
  An adder skeleton (D:4)
  A dart slug (D:2)
  3 leopard geckos
  8 orcs
  5 giant cockroaches
  12 goblins
  12 hobgoblins
  A quokka (D:7)
  5 bats
  6 frilled lizards
  16 kobolds
  10 rats
106 creatures vanquished.

Notes
Turn   | Place    | Note
-------+----------+-------------------------------------------
     0 | D:1      | HarryHood the Gargoyle Berserker began the quest for the
                  | Orb.
     0 | D:1      | Reached XP level 1. HP: 14/14 MP: 1/1
   226 | D:1      | Reached XP level 2. HP: 20/20 MP: 2/2
   279 | D:1      | Reached skill level 4 in Fighting
   489 | D:1      | Reached XP level 3. HP: 22/24 MP: 3/3
   504 | D:1      | Reached ** piety under Trog
   937 | D:2      | Reached skill level 5 in Fighting
   979 | D:2      | Reached XP level 4. HP: 31/31 MP: 4/4
  1469 | D:3      | Noticed Terence
  1506 | D:3      | Killed Terence
  1506 | D:3      | Reached skill level 6 in Fighting
  1506 | D:3      | Reached XP level 5. HP: 28/36 MP: 5/5
  1525 | D:3      | Noticed Robin
  1561 | D:3      | Killed Robin
  1629 | D:3      | Noticed Natasha
  1635 | D:3      | Killed Natasha
  1728 | D:3      | Reached skill level 4 in Maces & Flails
  1965 | D:3      | Noticed Natasha
  1977 | D:3      | Killed Natasha
  1977 | D:3      | Reached XP level 6. HP: 37/41 MP: 6/6
  2117 | D:3      | Found a faded altar of an unknown god.
  2474 | D:3      | Noticed Natasha
  2487 | D:3      | Killed Natasha
  2594 | D:4      | Reached skill level 5 in Maces & Flails
  2791 | D:4      | You fall into a shaft and drop 3 floors!
  2870 | D:7      | Reached *** piety under Trog
  2870 | D:7      | Reached skill level 6 in Maces & Flails
  2870 | D:7      | Reached XP level 7. HP: 40/46 MP: 7/7
  2947 | D:7      | HP: 3/46 [killer bee (3)]
  2948 | D:7      | Reached skill level 3 in Armour
  3347 | D:6      | Reached skill level 4 in Armour
  3387 | D:5      | Entered Level 5 of the Dungeon
  3399 | D:5      | Slain by an orc warrior

Levels and vault maps discovered:
D:1:      dpeg_arrival_line_fractal, layout_basic,
          ebering_dispersal_statue_hall, minmay_misc_feat_roman,
          minmay_misc_feat_columns
D:2:      layout_rooms, first_ration
D:3:      layout_basic, chequers_ecumenical_altar_simple, uniq_terence,
          uniq_natasha, uniq_robin
D:4:      layout_basic, minmay_temple_entry_enclosed_plants
D:5:      layout_basic
D:6:      layout_rooms, uniq_sigmund, uniq_blork_the_orc
D:7:      layout_layer_cave, chequers_temple_overflow_minitemple,
          uniq_crazy_yiuf_cottage

Skill      XL: |  1  2  3  4  5  6  7 |
---------------+----------------------+-----
Fighting       | 4 5 6 |  6.1
Maces & Flails | 4 6 |  6.2
Armour         | 4 |  4.7
Dodging        | |  1.5

Action                   |  1- 3 |  4- 6 |  7- 9 || total
-------------------------+-------+-------+-------++-------
Melee: Mace              |   118 |   282 |   102 ||   502
Invok: Berserk           |       |       |     1 ||     1
  Use: Scroll            |       |     7 |       ||     7
  Eat: Chunk             |       |     7 |       ||     7
       Ration            |       |       |     1 ||     1
Armor: Animal skin       |    26 |       |       ||    26
       Ring mail         |    18 |    69 |       ||    87
       Chain mail        |       |   110 |   115 ||   225
Dodge: Dodged            |    94 |   211 |    59 ||   364

Table legend:
 A = Non-vault XP
 B = Vault XP
 C = Vault XP percentage of total XP
 D = Non-vault monster count
 E = Vault monster count
 F = Vault count percentage of total count
                 A         B        C        D         E       F
            +---------+---------+-------+---------+---------+-------
      Total |     943 |     106 |  10.1 |      93 |      13 |  12.3
            +---------+---------+-------+---------+---------+-------
        D:1 |      59 |       0 |   0.0 |      34 |       0 |   0.0
        D:2 |      79 |       0 |   0.0 |      16 |       0 |   0.0
        D:3 |     131 |     106 |  44.7 |      19 |      13 |  40.6
        D:4 |     181 |       0 |   0.0 |       9 |       0 |   0.0
        D:5 |       3 |       0 |   0.0 |       1 |       0 |   0.0
        D:6 |     209 |       0 |   0.0 |       3 |       0 |   0.0
        D:7 |     281 |       0 |   0.0 |      11 |       0 |   0.0
            +---------+---------+-------+---------+---------+-------
